[Event "ESCC-50 2022"]
[Site "Lublin"]
[Date "2022.07.06"]
[Round "2.10"]
[White "Wielosz, Jaroslaw"]
[Black "Chwalewski, Marek"]
[Result "1/2-1/2"]
[ECO "A40"]
[WhiteElo "1891"]
[BlackElo "1774"]
[Annotator "NA RC COMBH"]
[PlyCount "63"]
[EventDate "2022.07.05"]
[EventType "swiss"]
[EventCountry "POL"]
[SourceTitle "playchess.com"]
[Source "ChessBase"]
[SourceQuality "1"]
[TimeControl "40/5400+30:1800+30"]

1. d4 g6 2. c4 d5 3. cxd5 Nf6 4. Nf3 Bg7 5. g3 Nxd5 6. Bg2 Nc6 7. O-O Nb6 8. e3 O-O 9. Nc3 Bg4 10. h3 Bxf3 11. Bxf3 Qd7 12. Bg2 Rfd8 13. Bd2 e5 14. d5 Ne7 15. e4 c6 16. Bg5 h6 17. Bxe7 Qxe7 18. Qb3 cxd5 19. Nxd5 Nxd5 20. exd5 Kh7 21. Rac1 f5 22. Rfd1 Rd6 23. Qa3 a6 24. Qa5 Rad8 25. Rc7 R8d7 26. Rxd7 Rxd7 27. d6 Qe8 28. Qb6 e4 29. Rc1 Be5 30. Rc7 Qf7 31. Qxb7 Rxc7 32. Qxc7 1/2-1/2

[Event "ESCC-50 2022"]
[Site "Lublin"]
[Date "2022.07.06"]
[Round "2.11"]
[White "Babijczuk, Wojciech"]
[Black "Krzyzanowski, Wojciech"]
[Result "1/2-1/2"]
[ECO "B34"]
[WhiteElo "1436"]
[BlackElo "1878"]
[Annotator "NA RC COMBH"]
[PlyCount "31"]
[EventDate "2022.07.05"]
[EventType "swiss"]
[EventCountry "POL"]
[SourceTitle "playchess.com"]
[Source "ChessBase"]
[SourceQuality "1"]
[TimeControl "40/5400+30:1800+30"]

1. e4 c5 2. Nf3 Nc6 3. d4 cxd4 4. Nxd4 Nf6 5. Nc3 e5 6. Nxc6 bxc6 7. Bg5 Be7 8. Bxf6 gxf6 9. Bc4 O-O 10. O-O f5 11. Bb3 f4 12. Qh5 d6 13. Rad1 Qe8 14. Rd3 Kh8 15. Rfd1 Be6 16. Rxd6 1/2-1/2

[Event "ESCC-50 2022"]
[Site "Lublin"]
[Date "2022.07.07"]
[Round "3.1"]
[White "Lasinskas, Povilas"]
[Black "Mrva, Martin"]
[Result "1-0"]
[ECO "E61"]
[WhiteElo "2096"]
[BlackElo "2385"]
[Annotator "RC"]
[PlyCount "77"]
[EventDate "2022.07.05"]
[EventType "swiss"]
[EventCountry "POL"]
[SourceTitle "playchess.com"]
[Source "ChessBase"]
[SourceQuality "1"]
[TimeControl "40/5400+30:1800+30"]

1. d4 Nf6 2. c4 g6 3. Nc3 Bg7 4. Nf3 O-O 5. Bg5 c5 6. d5 h6 7. Bd2 e6 8. Qc1 Kh7 9. h3 d6 10. g4 exd5 11. cxd5 b5 12. g5 hxg5 13. Nxg5+ Kg8 14. Nxb5 Na6 15. Bg2 Nb4 16. O-O Nbxd5 17. e4 Rb8 18. Nxa7 Ne7 19. Nxc8 Qxc8 20. Bc3 Nc6 21. Rd1 Qc7 22. Qf4 Nd4 23. Rd2 Qe7 24. h4 Nd7 25. Qg3 Nb6 26. f4 Na4 27. h5 gxh5 28. Nf3 Nxc3 29. bxc3 Nxf3+ 30. Bxf3 h4 31. Qg4 f5 32. exf5 Qe3+ 33. Rf2 Rf6 34. Kg2 Qxc3 35. Rg1 Kf8 36. Kh1 Rf7 37. Bd5 Re7 38. Qh5 Rb2 39. Qh8+ 1-0

[Event "ESCC-50 2022"]
[Site "Lublin"]
[Date "2022.07.07"]
[Round "3.2"]
[White "Druckenthaner, Andreas"]
[Black "Tereladze, Sopiko"]
[Result "1/2-1/2"]
[ECO "A05"]
[WhiteElo "2272"]
[BlackElo "2141"]
[Annotator "RC"]
[PlyCount "43"]
[EventDate "2022.07.05"]
[EventType "swiss"]
[EventCountry "POL"]
[SourceTitle "playchess.com"]
[Source "ChessBase"]
[SourceQuality "1"]
[TimeControl "40/5400+30:1800+30"]

1. Nf3 Nf6 2. g3 d5 3. Bg2 Bf5 4. c4 e6 5. O-O c6 6. d3 dxc4 7. dxc4 Qxd1 8. Rxd1 Na6 9. Nc3 Be7 10. Nd4 O-O-O 11. Nxf5 Rxd1+ 12. Nxd1 exf5 13. Nc3 Nc5 14. Be3 Rd8 15. h3 Kc7 16. Rc1 a5 17. b3 h6 18. f4 Nfe4 19. Nxe4 Nxe4 20. g4 Bc5 21. Bxc5 Nxc5 22. Rc2 1/2-1/2

[Event "ESCC-50 2022"]
[Site "Lublin"]
[Date "2022.07.07"]
[Round "3.3"]
[White "Krzyzanowska-Zadlo, Lidia"]
[Black "Klimaszewski, Dariusz"]
[Result "0-1"]
[ECO "B21"]
[WhiteElo "1732"]
[BlackElo "2152"]
[Annotator "RC"]
[PlyCount "64"]
[EventDate "2022.07.05"]
[EventType "swiss"]
[EventCountry "POL"]
[SourceTitle "playchess.com"]
[Source "ChessBase"]
[SourceQuality "1"]
[TimeControl "40/5400+30:1800+30"]

1. e4 c5 2. d4 cxd4 3. c3 dxc3 4. Nxc3 e6 5. Nf3 Bc5 6. Bc4 Ne7 7. O-O a6 8. Bf4 Ng6 9. Bg3 b5 10. Bb3 Bb7 11. Qe2 O-O 12. Rac1 d6 13. Rfd1 Qe7 14. h4 Nc6 15. e5 Ngxe5 16. Nxe5 Nxe5 17. Ne4 Bxe4 18. Qxe4 f5 19. Qe2 f4 20. Rxc5 fxg3 21. Rxe5 gxf2+ 22. Kf1 dxe5 23. Qxe5 Qxh4 24. Qxe6+ Kh8 25. Qh3 Qxh3 26. gxh3 Rae8 27. Bc2 g6 28. Bd3 Re3 29. Be2 Rxh3 30. Kg2 Re3 31. Bf1 h5 32. Rd2 h4 0-1

[Event "ESCC-50 2022"]
[Site "Lublin"]
[Date "2022.07.07"]
[Round "3.4"]
[White "Kirszenberg, Marc"]
[Black "Padrak, Rafal"]
[Result "1/2-1/2"]
[ECO "D36"]
[WhiteElo "2056"]
[BlackElo "2125"]
[Annotator "NA RC"]
[PlyCount "110"]
[EventDate "2022.07.05"]
[EventType "swiss"]
[EventCountry "POL"]
[SourceTitle "playchess.com"]
[Source "ChessBase"]
[SourceQuality "1"]
[TimeControl "40/5400+30:1800+30"]

1. d4 d5 2. c4 e6 3. Nc3 Nf6 4. cxd5 exd5 5. Bg5 c6 6. Qc2 Be7 7. e3 O-O 8. Bd3 h6 9. Bh4 Re8 10. Nf3 Nbd7 11. O-O Ne4 12. Bxe7 Qxe7 13. Rab1 a5 14. a3 g5 15. Bxe4 dxe4 16. Nd2 Nf6 17. b4 Ng4 18. Qxe4 Qxe4 19. Ndxe4 Bf5 20. Nd6 Bxb1 21. Nxe8 Bd3 22. Rd1 axb4 23. axb4 Bc2 24. Rc1 Ra3 25. h3 Nxe3 26. fxe3 Rxc3 27. Nd6 b5 28. Kf2 h5 29. e4 f6 30. Ke1 Re3+ 31. Kd2 Rxe4 32. Nxe4 Bxe4 33. g3 Kg7 34. Ke3 Bd5 35. h4 Kh6 36. Ra1 Kg6 37. Rf1 Bc4 38. Rf2 Bd5 39. Rf1 Bc4 40. Ra1 Bd5 41. Ra8 Kg7 42. Rd8 Kg6 43. Rf8 Kg7 44. Rc8 Kg6 45. Rf8 Kg7 46. Rd8 Kg6 47. Rh8 Kg7 48. Ra8 Kg6 49. Ra1 Kf5 50. Rf1+ Kg6 51. Rf2 Kg7 52. Rf1 Kg6 53. Rf2 Kg7 54. Rf1 Kg6 55. Rf2 Kg7 1/2-1/2

[Event "ESCC-50 2022"]
[Site "Lublin"]
[Date "2022.07.07"]
[Round "3.5"]
[White "Leszner, Liliana"]
[Black "Garabetyan, Arno"]
[Result "0-1"]
[ECO "B41"]
[WhiteElo "1872"]
[BlackElo "2056"]
[Annotator "NA RC"]
[PlyCount "58"]
[EventDate "2022.07.05"]
[EventType "swiss"]
[EventCountry "POL"]
[SourceTitle "playchess.com"]
[Source "ChessBase"]
[SourceQuality "1"]
[TimeControl "40/5400+30:1800+30"]

1. e4 c5 2. Nf3 e6 3. d4 cxd4 4. Nxd4 a6 5. Be2 Nf6 6. Nc3 Qc7 7. Bg5 Bb4 8. O-O Bxc3 9. Bxf6 gxf6 10. bxc3 Qxc3 11. Rb1 Nc6 12. Nf3 Ne5 13. Nd2 b5 14. Rb3 Qc5 15. Kh1 Bb7 16. f4 Nc6 17. e5 Nd4 18. Rd3 Nxe2 19. Qxe2 f5 20. Nb3 Qc7 21. Qd2 Rg8 22. Rf2 Rc8 23. Rd6 Be4 24. Nd4 Qc4 25. Ne2 Qxc2 26. Rxd7 Bd5 27. Qxc2 Rxc2 28. Rd6 Rxa2 29. Kg1 Ra3 0-1

[Event "ESCC-50 2022"]
[Site "Lublin"]
[Date "2022.07.07"]
[Round "3.6"]
[White "Sielicki, Tomasz"]
[Black "Chlewinski, Artur"]
[Result "1-0"]
[ECO "A45"]
[WhiteElo "1967"]
[BlackElo "1417"]
[Annotator "TA"]
[PlyCount "91"]
[EventDate "2022.07.05"]
[EventType "swiss"]
[EventCountry "POL"]
[SourceTitle "playchess.com"]
[Source "ChessBase"]
[SourceQuality "1"]
[TimeControl "40/5400+30:1800+30"]

1. d4 Nf6 2. Bf4 g6 3. Nc3 c6 4. e4 d6 5. Qd2 Bg7 6. O-O-O {[%emt 0:01:15] B07: Pirc Defence: Miscellaneous Systems.} Qa5 7. Kb1 Be6 {[%emt 0:06:29][%cal Of6e4] Threatens to win with ...Nxe4!} 8. Nf3 $2 {[%emt 0:17:50][%mdl 8192] [#]} (8. f3 $14 {stays ahead.}) 8... Na6 $146 (8... Nxe4 $1 $19 9. Qe3 (9. Qe1 Nxc3+) 9... Nxc3+ 10. Qxc3 Qxa2+ 11. Kc1 O-O) ({Predecessor:} 8... Nxe4 9. Qe3 Nxc3+ 10. Qxc3 Qxa2+ 11. Kc1 Nd7 12. Ng5 Nc5 13. Qa3 Qxa3 14. bxa3 Nd7 15. Nxe6 fxe6 {0-1 (42) Lara Pueyo,F-Del Corral Abancens,A Spain 1993}) 9. Nd5 Qxd2 $11 10. Nxf6+ Bxf6 11. Rxd2 b5 (11... Nc7 $11 {remains equal.}) 12. d5 $16 Bd7 13. e5 (13. dxc6 $142 $1 Bxc6 14. a4) 13... dxe5 14. Nxe5 Bxe5 15. Bxe5 f6 16. Bg3 {[%emt 0:03:44][%cal Be5g3,Bg3f2,Bf2c5][%mdl 32] And now dxc6 would win. White is more active.} Nc5 17. f3 $36 {[%emt 0:01:41][%mdl 2048] Inhibits Ne4. White fights for an advantage.} a5 18. c4 ({Better is} 18. Bf2 $16 Nb7 19. c4) 18... cxd5 {[%emt 0:04:34] White now steadily converts the win.} (18... Bf5+ $11 19. Kc1 bxc4) 19. Rxd5 (19. cxb5 Bf5+ 20. Kc1 Rc8 21. Rxd5 Be6 $17) 19... Bf5+ (19... Rc8 $16) 20. Kc1 $18 Rc8 21. Bf2 (21. cxb5 $2 Be6 22. Rd1 Nb3+ 23. Kb1 Bf5+ 24. Bd3 Rc1+ $1 25. Rxc1 Bxd3+ 26. Rc2 Nd4 $17) 21... bxc4 $2 (21... Nb7) 22. Rxc5 ({Worse is} 22. Bxc5 Be6 23. Bxe7 Bxd5 24. Bxf6 O-O $17) 22... Rxc5 23. Bxc5 c3 24. bxc3 Kf7 25. Bc4+ Kg7 26. Bxe7 Rc8 27. Bb3 Rxc3+ 28. Kd2 Rc7 29. Re1 Rd7+ 30. Kc1 Rc7+ {[%emt 0:00:13] [#]} 31. Kb2 $1 g5 32. Bd6 Rb7 33. Re7+ Rxe7 34. Bxe7 h5 35. Bd8 g4 36. Bxa5 Bd3 37. Bd5 f5 38. Bc3+ Kg6 39. a4 f4 40. fxg4 {[%emt 0:00:00] White mates.} hxg4 41. a5 Ba6 42. Be4+ Kh5 43. Bd2 f3 44. gxf3 g3 45. hxg3 Bd3 46. g4+ {[%emt 0:00:24] Weighted Error Value: White=0.42/Black=0.68} 1-0

[Event "ESCC-50 2022"]
[Site "Lublin"]
[Date "2022.07.07"]
[Round "3.8"]
[White "Lilja, Richard"]
[Black "Warnk, Torsten"]
[Result "1-0"]
[ECO "A03"]
[WhiteElo "2131"]
[BlackElo "1763"]
[Annotator "RC"]
[PlyCount "115"]
[EventDate "2022.07.05"]
[EventType "swiss"]
[EventCountry "POL"]
[SourceTitle "playchess.com"]
[Source "ChessBase"]
[SourceQuality "1"]
[TimeControl "40/5400+30:1800+30"]

1. f4 d5 2. e3 Nc6 3. Nf3 Nf6 4. b3 d4 5. Bb5 dxe3 6. Bb2 Bg4 7. h3 Bxf3 8. Qxf3 exd2+ 9. Nxd2 Qd5 10. Bxc6+ bxc6 11. O-O-O e6 12. f5 Qxf3 13. Nxf3 Bd6 14. fxe6 fxe6 15. Rhe1 O-O-O 16. Kb1 e5 17. Nxe5 Bxe5 18. Bxe5 Rxd1+ 19. Rxd1 Nd5 20. g4 Rg8 21. Rf1 g6 22. c4 Nb6 23. Rf7 Nd7 24. Bd4 c5 25. Bc3 h5 26. Kc2 hxg4 27. hxg4 Rf8 28. Rg7 Rf2+ 29. Kd3 Rf3+ 30. Kd2 Nf6 31. Bxf6 Rxf6 32. Ke3 Ra6 33. Ke4 Rxa2 34. Rxg6 Ra3 35. g5 Rxb3 36. Ra6 Rg3 37. Kf4 Rg1 38. Rxa7 Kd7 39. Kf5 Rf1+ 40. Kg6 Rf4 41. Ra4 Ke7 42. Kg7 Rg4 43. g6 Rh4 44. Kg8 Rg4 45. g7 Rh4 46. Ra7 Rxc4 47. Rxc7+ Kd6 48. Rf7 Rg4 49. Rf5 Kc6 50. Kf7 Kb5 51. Kf6 Rxg7 52. Kxg7 Kb4 53. Kf6 c4 54. Ke5 c3 55. Kd4 c2 56. Rf1 Kb3 57. Kd3 Kb2 58. Kd2 1-0

[Event "ESCC-50 2022"]
[Site "Lublin"]
[Date "2022.07.07"]
[Round "3.9"]
[White "Krzyzanowski, Wojciech"]
[Black "Wielosz, Jaroslaw"]
[Result "0-1"]
[ECO "C55"]
[WhiteElo "1878"]
[BlackElo "1891"]
[Annotator "NA RC COMBH"]
[PlyCount "54"]
[EventDate "2022.07.05"]
[EventType "swiss"]
[EventCountry "POL"]
[SourceTitle "playchess.com"]
[Source "ChessBase"]
[SourceQuality "1"]
[TimeControl "40/5400+30:1800+30"]

1. e4 e5 2. Nf3 Nc6 3. Bc4 Bc5 4. O-O Nf6 5. d4 exd4 6. e5 d5 7. exf6 dxc4 8. fxg7 Rg8 9. Bg5 Be7 10. Bxe7 Kxe7 11. Nbd2 Be6 12. b3 cxb3 13. Nxb3 Rxg7 14. Nbxd4 Nxd4 15. Qxd4 Qxd4 16. Nxd4 Rd8 17. Nxe6 fxe6 18. Rfd1 Rg5 19. Rxd8 Kxd8 20. Rd1+ Ke7 21. Rd2 Rb5 22. f4 Rb2 23. Re2 Rxa2 24. f5 Ra6 25. fxe6 Rxe6 26. Rd2 a5 27. Kf2 a4 0-1

[Event "ESCC-50 2022"]
[Site "Lublin"]
[Date "2022.07.07"]
[Round "3.10"]
[White "Chwalewski, Marek"]
[Black "Puroila, Sippo"]
[Result "0-1"]
[ECO "A00"]
[WhiteElo "1774"]
[BlackElo "1803"]
[Annotator "NA RC COMBH"]
[PlyCount "108"]
[EventDate "2022.07.05"]
[EventType "swiss"]
[EventCountry "POL"]
[SourceTitle "playchess.com"]
[Source "ChessBase"]
[SourceQuality "1"]
[TimeControl "40/5400+30:1800+30"]

1. g3 c6 2. c4 d6 3. d4 g6 4. Bg2 Bg7 5. Nc3 Qc7 6. f4 e5 7. fxe5 dxe5 8. d5 Nf6 9. Bg5 O-O 10. Bxf6 Bxf6 11. e4 Nd7 12. Nf3 Bg7 13. Qe2 a6 14. O-O Rb8 15. Rac1 c5 16. a4 Qd6 17. Nh4 Nf6 18. h3 Nh5 19. Kh2 Bd7 20. Bf3 Nf6 21. g4 Bh6 22. Rc2 Bf4+ 23. Kh1 Kg7 24. Rg1 Rh8 25. Ng2 Rbe8 26. Nxf4 exf4 27. g5 Ng8 28. Bg4 f5 29. gxf6+ Nxf6 30. Qf3 Nxg4 31. hxg4 h5 32. gxh5 Rxh5+ 33. Rh2 Rxh2+ 34. Kxh2 Rh8+ 35. Kg2 Rh3 36. Qf2 f3+ 37. Kf1 Qf4 38. e5 Rh2 39. e6 Rxf2+ 40. Kxf2 Be8 41. Rg3 Qd2+ 42. Kxf3 Qxb2 43. Ke4 Qc2+ 44. Ke5 Qf5+ 45. Kd6 Qf4+ 46. Ke7 Qxg3 47. Kxe8 Qxc3 48. d6 Qxc4 49. Ke7 Qh4+ 50. Kd7 Qxa4+ 51. Ke7 Qh4+ 52. Kd7 Kf6 53. e7 Qh3+ 54. Kd8 Qe6 0-1

[Event "ESCC-50 2022"]
[Site "Lublin"]
[Date "2022.07.07"]
[Round "3.11"]
[White "Baliuniene, Margarita"]
[Black "Babijczuk, Wojciech"]
[Result "1-0"]
[ECO "A43"]
[WhiteElo "1935"]
[BlackElo "1436"]
[Annotator "TA"]
[PlyCount "121"]
[EventDate "2022.07.05"]
[EventType "swiss"]
[EventCountry "POL"]
[SourceTitle "playchess.com"]
[Source "ChessBase"]
[SourceQuality "1"]
[TimeControl "40/5400+30:1800+30"]

1. d4 c5 2. e3 cxd4 3. exd4 g6 4. Nf3 Bg7 5. b3 {[%emt 0:00:49] [#]} a6 $146 ({Predecessor:} 5... d5 6. Bb2 Nc6 7. Nbd2 Bg4 8. h3 Bxf3 9. Nxf3 Qa5+ 10. c3 Nf6 11. Be2 Ne4 {1-0 (45) Firouzja,A (2759)-Artemiev,V (2709) Chess.com INT 2021}) 6. Bb2 {[%emt 0:00:07] A43: Schmid Benoni.} Nf6 7. Bd3 O-O 8. O-O {[%emt 0:00:15] The position is equal.} d6 9. c4 Nc6 10. a3 (10. d5 $14 Nb4 11. Be2) 10... Bg4 11. Nbd2 (11. d5 $5 Bxf3 12. Qxf3 $11) 11... Rc8 (11... Nh5 $15) 12. h3 $11 Bxf3 13. Nxf3 ({Of course not} 13. Qxf3 Nd7 $15) 13... Nh5 14. b4 Nf4 15. Re1 Nxd3 16. Qxd3 Re8 17. Rad1 Qc7 18. Qb3 b6 19. Rc1 Qb8 (19... e5 $14) 20. Rc2 (20. d5 $16 {Hoping for Bxg7.} Ne5 21. Nxe5 dxe5 22. Qa4) 20... h6 (20... e5 $11) 21. Rce2 ({White should try} 21. d5 $1 $16 Ne5 22. Nxe5 dxe5 23. Qg3) 21... Qc7 (21... e5 $11) 22. Rc2 Qb8 {[%emt 0:00:26] [#]} 23. d5 $1 Ne5 24. Nxe5 dxe5 25. Qg3 e6 {[%emt 0:10:09] And now ...exd5 would win.} 26. Bxe5 Bxe5 27. Rxe5 Kg7 28. dxe6 {[%emt 0:00:46] White is much more active.} Rxe6 29. Rxe6 Qxg3 30. fxg3 fxe6 $16 {[%emt 0:00:24][%mdl 4096] Endgame KR-KR} 31. Kf2 Kf6 32. Ke3 Ke5 33. Kd3 Rd8+ 34. Kc3 Rd1 35. Re2+ Kf6 36. c5 (36. Rd2 $16 Rc1+ 37. Rc2) 36... bxc5 $14 37. bxc5 Ke7 {[%emt 0:00:14] White leaves nothing to chance now.} (37... e5 $14) 38. Kb4 ({White should play} 38. g4) 38... Rd3 (38... Rb1+ $16 39. Ka5 Rb5+ 40. Kxa6 Rxc5) 39. g4 $18 g5 (39... Rd5 {was called for.} 40. Kc4 Rd1) 40. a4 {[%emt 0:00:00] Ka5 is the strong threat.} Rd4+ (40... Rd5 {was necessary.} 41. Ka5 Rxc5+ 42. Kxa6 Kd6) 41. Ka5 Rc4 42. Kb6 {[%emt 0:02:15] Strongly threatening c6.} Rxa4 43. Rd2 (43. Rb2 $142) 43... Rc4 $2 {[%emt 0:03:51] [#]} (43... Rb4+ 44. Kxa6 Rc4) 44. c6 $1 {[%emt 0:00:39] aiming for c7.} e5 45. c7 {[%emt 0:01:06] White mates.} Rc1 46. Rd8 Rb1+ 47. Ka7 Rc1 48. c8=Q Rxc8 49. Rxc8 Kd6 50. Kxa6 {[%emt 0:00:09] KR-K3P} e4 51. Re8 Kd5 52. Kb5 Kd4 53. Re6 e3 54. Rxh6 {[%emt 0:00:11] KR-KPP} Kd5 55. Rh8 Ke4 56. Re8+ Kd3 57. g3 Kd2 58. h4 e2 59. hxg5 e1=Q 60. Rxe1 Kxe1 61. g6 {[%emt 0:00:05] Weighted Error Value: White=0.18 (very precise) /Black=0.37} 1-0

[Event "ESCC-50 2022"]
[Site "Lublin"]
[Date "2022.07.08"]
[Round "4.1"]
[White "Klimaszewski, Dariusz"]
[Black "Lasinskas, Povilas"]
[Result "1-0"]
[ECO "C44"]
[WhiteElo "2152"]
[BlackElo "2096"]
[Annotator "RC"]
[PlyCount "91"]
[EventDate "2022.07.05"]
[EventType "swiss"]
[EventCountry "POL"]
[SourceTitle "playchess.com"]
[Source "ChessBase"]
[SourceQuality "1"]
[TimeControl "40/5400+30:1800+30"]

1. e4 e5 2. Nf3 Nc6 3. c3 d5 4. Qa4 Qd6 5. Bb5 Bd7 6. exd5 Qxd5 7. O-O a6 8. Bc4 Qd6 9. b4 Nd4 10. Qd1 Ne6 11. Re1 e4 12. Rxe4 Nf6 13. Re1 O-O-O 14. d4 Nd5 15. Ne5 Be8 16. Qb3 c6 17. Nd2 f6 18. Ne4 Qc7 19. Nd3 Bf7 20. a4 Be7 21. b5 a5 22. bxc6 Qxc6 23. Rb1 Nec7 24. Nec5 Bxc5 25. Nxc5 b6 26. Nd3 g5 27. Bd2 Rhg8 28. Bxd5 Nxd5 29. c4 Nb4 30. Nxb4 axb4 31. d5 Qc5 32. Bxb4 Qd4 33. Bc3 Qc5 34. a5 Bg6 35. Bb4 Qd4 36. Rbd1 Qg4 37. Be7 Rd7 38. f3 Qf4 39. Qxb6 Re8 40. d6 Qxc4 41. Rc1 Bc2 42. Qf2 Qa6 43. Rxc2+ Kb8 44. Rb1+ Ka8 45. Qb6 Qxb6+ 46. Rxb6 1-0

[Event "ESCC-50 2022"]
[Site "Lublin"]
[Date "2022.07.08"]
[Round "4.2"]
[White "Mrva, Martin"]
[Black "Druckenthaner, Andreas"]
[Result "1-0"]
[ECO "C64"]
[WhiteElo "2385"]
[BlackElo "2272"]
[Annotator "RC"]
[PlyCount "93"]
[EventDate "2022.07.05"]
[EventType "swiss"]
[EventCountry "POL"]
[SourceTitle "playchess.com"]
[Source "ChessBase"]
[SourceQuality "1"]
[TimeControl "40/5400+30:1800+30"]

1. e4 e5 2. Nf3 Nc6 3. Bb5 Bc5 4. c3 f5 5. d4 fxe4 6. Nxe5 Nxe5 7. Qh5+ Ng6 8. Qxc5 c6 9. Be2 d6 10. Qg5 Qxg5 11. Bxg5 Nf6 12. c4 O-O 13. Nc3 Bf5 14. O-O Rae8 15. h3 a6 16. b4 h6 17. Be3 Ne7 18. a4 d5 19. c5 g5 20. b5 a5 21. Rab1 Bd7 22. bxc6 bxc6 23. Rb7 Nf5 24. Rfb1 h5 25. Bxh5 Re7 26. Be2 Rg7 27. g4 Nh4 28. Kh2 Nf3+ 29. Kg3 Rff7 30. Rb8+ Kh7 31. Ra8 Kg6 32. Rh8 Rh7 33. Rxh7 Nxh7 34. Rb6 Rf6 35. Bxf3 Rxf3+ 36. Kg2 Rf6 37. Ra6 Nf8 38. Rxa5 Ne6 39. Ra7 Bc8 40. Ne2 Nf4+ 41. Bxf4 gxf4 42. f3 Rf8 43. Rc7 Kg5 44. Rxc6 exf3+ 45. Kxf3 Re8 46. Nxf4 Rf8 47. Rg6+ 1-0

[Event "ESCC-50 2022"]
[Site "Lublin"]
[Date "2022.07.08"]
[Round "4.3"]
[White "Tereladze, Sopiko"]
[Black "Padrak, Rafal"]
[Result "1-0"]
[ECO "B13"]
[WhiteElo "2141"]
[BlackElo "2125"]
[Annotator "NA RC"]
[PlyCount "41"]
[EventDate "2022.07.05"]
[EventType "swiss"]
[EventCountry "POL"]
[SourceTitle "playchess.com"]
[Source "ChessBase"]
[SourceQuality "1"]
[TimeControl "40/5400+30:1800+30"]

1. e4 c6 2. d4 d5 3. exd5 cxd5 4. c4 Nf6 5. Nc3 Nc6 6. Nf3 e6 7. Bd3 dxc4 8. Bxc4 Bb4 9. O-O O-O 10. a3 Be7 11. Re1 a6 12. Ba2 Re8 13. Bg5 b5 14. d5 exd5 15. Bxf6 Bxf6 16. Qxd5 Rxe1+ 17. Rxe1 Bd7 18. Qxf7+ Kh8 19. Ne4 Bxb2 20. Neg5 Bg4 21. Qb3 1-0

[Event "ESCC-50 2022"]
[Site "Lublin"]
[Date "2022.07.08"]
[Round "4.4"]
[White "Garabetyan, Arno"]
[Black "Sielicki, Tomasz"]
[Result "*"]
[ECO "D32"]
[WhiteElo "2056"]
[BlackElo "1967"]
[Annotator "NA RC"]
[PlyCount "87"]
[EventDate "2022.07.05"]
[EventType "swiss"]
[EventCountry "POL"]
[SourceTitle "playchess.com"]
[Source "ChessBase"]
[SourceQuality "1"]
[TimeControl "40/5400+30:1800+30"]

1. d4 d5 2. c4 e6 3. Nc3 c5 4. cxd5 exd5 5. Nf3 Nc6 6. dxc5 d4 7. Na4 Bxc5 8. Nxc5 Qa5+ 9. Bd2 Qxc5 10. Rc1 Qb6 11. e3 Nf6 12. Bc4 dxe3 13. Bxe3 Qb4+ 14. Qd2 Qxd2+ 15. Bxd2 O-O 16. O-O Bg4 17. Rfe1 Rfd8 18. Bg5 h6 19. Bxf6 gxf6 20. Nh4 Ne5 21. h3 Nxc4 22. hxg4 Ne5 23. Rc7 Nxg4 24. Rxb7 Rab8 25. Rxb8 Rxb8 26. f3 Ne5 27. b3 Rd8 28. Re4 Rd5 29. Kf1 Nd3 30. Rc4 Re5 31. Kg1 a5 32. Kh2 Re2 33. Ra4 Re5 34. Rd4 Nb4 35. Rd2 Rc5 36. g4 h5 37. Nf5 hxg4 38. fxg4 Kh7 39. Kg3 Rc3+ 40. Kf4 Nd3+ 41. Ke4 Ne5 42. Rh2+ Kg6 43. Rg2 Kg5 44. Ne3 *

[Event "ESCC-50 2022"]
[Site "Lublin"]
[Date "2022.07.08"]
[Round "4.5"]
[White "Pietinen, Pekka"]
[Black "Lilja, Richard"]
[Result "0-1"]
[ECO "A10"]
[WhiteElo "1937"]
[BlackElo "2131"]
[Annotator "NA RC"]
[PlyCount "72"]
[EventDate "2022.07.05"]
[EventType "swiss"]
[EventCountry "POL"]
[SourceTitle "playchess.com"]
[Source "ChessBase"]
[SourceQuality "1"]
[TimeControl "40/5400+30:1800+30"]

1. c4 f5 2. Nc3 Nf6 3. d3 e5 4. Nf3 d6 5. Bg5 Be7 6. Bxf6 Bxf6 7. Nd5 Nd7 8. Nxf6+ Nxf6 9. g3 O-O 10. Bg2 Kh8 11. Qd2 Qe8 12. e3 a5 13. d4 f4 14. dxe5 dxe5 15. Qc3 fxe3 16. fxe3 e4 17. Nd2 Qh5 18. h3 Ra6 19. O-O Bxh3 20. Nxe4 Bxg2 21. Kxg2 Qe2+ 22. Kg1 Re6 23. Rf2 Qg4 24. Nxf6 Rexf6 25. Rg2 Rf3 26. Qe5 Qxc4 27. Rd1 Rf1+ 28. Rxf1 Rxf1+ 29. Kh2 Qc6 30. Qg5 Rf6 31. g4 Qd6+ 32. Kg1 Qd1+ 33. Kh2 Rh6+ 34. Kg3 Qe1+ 35. Kf3 Rf6+ 36. Ke4 Qh1 0-1

[Event "ESCC-50 2022"]
[Site "Lublin"]
[Date "2022.07.08"]
[Round "4.6"]
[White "Puroila, Sippo"]
[Black "Kirszenberg, Marc"]
[Result "1/2-1/2"]
[ECO "D02"]
[WhiteElo "1803"]
[BlackElo "2056"]
[Annotator "NA RC"]
[PlyCount "106"]
[EventDate "2022.07.05"]
[EventType "swiss"]
[EventCountry "POL"]
[SourceTitle "playchess.com"]
[Source "ChessBase"]
[SourceQuality "1"]
[TimeControl "40/5400+30:1800+30"]

1. Nf3 d5 2. d4 Nf6 3. g3 Bf5 4. Bg2 e6 5. O-O Be7 6. c4 c6 7. Nc3 h6 8. cxd5 exd5 9. a3 Nbd7 10. b4 O-O 11. Bb2 Ne4 12. Nd2 Ndf6 13. f3 Nxc3 14. Bxc3 Qd7 15. e4 Bh3 16. e5 Ne8 17. Qe2 Nc7 18. f4 Bxg2 19. Kxg2 f5 20. h4 Ne6 21. Nf3 h5 22. Qd3 g6 23. Rfc1 Qd8 24. Bd2 Qb6 25. Rab1 a6 26. Kh2 Qb5 27. Qe3 Qb6 28. Qd3 Qd8 29. Kg2 Qd7 30. Rc2 Rfc8 31. Be3 Rc7 32. Rcb2 Rcc8 33. Kh2 Qd8 34. Kg2 Kg7 35. Kh2 Qd7 36. Kg2 Qd8 37. Kh2 Qb6 38. Kg2 Qb5 39. Qd2 Qb6 40. Qd3 Qd8 41. Kh2 Nf8 42. Kh3 Qd7 43. Kh2 Qe6 44. Kg2 Nd7 45. Rc2 Nb6 46. Nd2 Qd7 47. Rbc1 Qd8 48. Bf2 Qd7 49. Be3 Qe6 50. Kh2 Qf7 51. Kg2 Qf8 52. Qb3 Qd8 53. Bf2 Qd7 1/2-1/2

[Event "ESCC-50 2022"]
[Site "Lublin"]
[Date "2022.07.08"]
[Round "4.7"]
[White "Wielosz, Jaroslaw"]
[Black "Krzyzanowska-Zadlo, Lidia"]
[Result "1/2-1/2"]
[ECO "A38"]
[WhiteElo "1891"]
[BlackElo "1732"]
[Annotator "NA RC"]
[PlyCount "63"]
[EventDate "2022.07.05"]
[EventType "swiss"]
[EventCountry "POL"]
[SourceTitle "playchess.com"]
[Source "ChessBase"]
[SourceQuality "1"]
[TimeControl "40/5400+30:1800+30"]

1. Nf3 Nf6 2. c4 c5 3. Nc3 Nc6 4. g3 g6 5. Bg2 Bg7 6. d3 O-O 7. O-O d6 8. a3 a6 9. Rb1 Rb8 10. b4 cxb4 11. axb4 b5 12. cxb5 axb5 13. Bd2 Bd7 14. Qc1 Qc8 15. Bh6 Re8 16. Bxg7 Kxg7 17. Qb2 Bh3 18. Ne4 Bxg2 19. Kxg2 Qd7 20. Nxf6 exf6 21. Rbc1 Rbc8 22. Rc2 Qb7 23. Kg1 Ne5 24. Nd4 Rxc2 25. Qxc2 Rc8 26. Qb3 h5 27. h4 f5 28. Qb2 Kf8 29. Rc1 Rxc1+ 30. Qxc1 Qd5 31. Qc8+ Kg7 32. Qc3 1/2-1/2